Map: Zen EE

Players

MrBeta - Winner!

  • Race: Terran Terran
  • League: Silver
  • Spawn Location: 7:00

MrFercho

  • Race: Zerg Zerg
  • League: Silver
  • Spawn Location: 1:00

VOD

Have the link to the VOD?

Description

Time

  • Played on: May 29, 2020, 8:30 p.m.
  • Length: 7:21
Show
View Real Time Build Order
Export as new Build Order

MrBeta Terran - Winner!

Build Orders:  

Get SALT Encoding   

  12  0:00  SCV  
  13  0:14  Supply Depot  
  13  0:18  SCV  
  14  0:30  SCV  
  15  0:37  Barracks  
  15  0:42  SCV  
  16  0:48  Supply Depot  
  16  1:00  SCV  
  17  1:12  SCV  
  18  1:21  Refinery  
  18  1:24  SCV  
  19  1:28  Marine  
  19  1:31  Barracks  
  20  1:37  SCV  
  21  1:46  Marine  
  22  1:53  Orbital Command  
  22  2:00  Barracks  
  22  2:06  Reaper  
  23  2:21  Barracks Reactor  
  23  2:23  Supply Depot  
  23  2:37  Marine  
  24  2:45  Supply Depot  
  24  2:48  Barracks  
  24  2:58  Marine x2  
  26  3:06  Barracks Reactor  
  26  3:10  Barracks Tech Lab  
  26  3:15  Marine x2  
  28  3:31  Marauder  
  28  3:33  Marine x2  
  32  3:37  Engineering Bay  
  29  3:51  Barracks Tech Lab  
  29  3:53  Marauder  
  31  4:06  Supply Depot  
  31  4:07  Marine x2  
  31  4:08  Marine x2  
  35  4:11  Marauder  
  35  4:12  Combat Shield  
  35  4:14  Marauder  
  39  4:17  SCV  
  39  4:21  Refinery  
  40  4:27  Marine x2  
  40  4:28  Marine x2  
  40  4:29  Supply Depot, SCV  
  45  4:32  Marauder  
  45  4:35  Marauder  
  49  4:41  SCV  
  49  4:45  Marine x2  
  49  4:46  Marine x2  
  53  4:55  Supply Depot  
  53  4:57  Terran Infantry Weapons Level 1  
  53  5:04  Marine  
  53  5:20  Marauder x2, Marine  
  58  5:21  Marine x2  
  58  5:22  Marine  
  58  5:24  Concussive Shells  
  61  5:30  Supply Depot  
  61  6:06  Command Center  
Show
View Real Time Build Order
Export as new Build Order

MrFercho Zerg 

Build Orders: 3 Hatch before Pool 

Get SALT Encoding   

  12  0:01  Drone  
  13  0:11  Drone  
  14  0:46  Hatchery  
  13  1:03  Hatchery  
  12  1:10  Overlord  
  12  1:25  Drone  
  12  1:26  Drone  
  14  1:39  Spawning Pool  
  13  1:41  Drone  
  14  2:06  Overlord x2, Drone  
  15  2:12  Extractor  
  14  2:16  Extractor  
  14  2:18  Drone  
  14  2:33  Drone  
  15  2:42  Drone x6  
  20  2:54  Drone  
  20  2:55  Drone  
  21  3:12  Spine Crawler  
  19  3:28  Zergling x2  
  19  3:29  Zergling x10  
  25  3:46  Queen  
  27  4:01  Zergling x2  
  27  4:02  Zergling x4  
  30  4:24  Drone  
  30  4:25  Drone x5  
  36  4:36  Baneling Nest  
  32  5:23  Zergling x2  
  32  5:24  Zergling x16  
  32  5:28  Lair  
  41  6:32  Baneling  
  38  6:33  Baneling x17  
  38  6:38  Hatchery  
  35  6:41  Zergling x2  
  35  6:42  Zergling x4  
  35  6:43  Zergling x2  
Tags
 
Matchup
TvZ
Replay Pack
MrFercho
Spawn Locations
Cross Positions
Add a new tag
Caveats
  • Supply blocks, unpowered buildings, or Contaminate may cause inaccurate times.
  • Supply counts are checked every 10 seconds.